 Dungeon Crawl Stone Soup version 0.28-a0-802-g09f76e8c00 (webtiles) character file.

Game seed: 16223118979054100681

3129 bande the Chopper (level 9, -11/55 HPs)
             Began as a Gargoyle Fighter on Nov 7, 2021.
             Was a Follower of Okawaru.
             Mangled by Harold (15 damage)
             ... on level 7 of the Dungeon.
             The game lasted 00:17:41 (9614 turns).

bande the Chopper (Gargoyle Fighter)                Turns: 9614, Time: 00:17:42

Health: -11/55     AC: 24    Str: 21    XL:     9   Next: 92%
Magic:  9/9        EV:  8    Int:  9    God:    Okawaru [*.....]
Gold:   339        SH:  7    Dex: 17    Spells: 8/8 levels left

rFire   . . .      SeeInvis .   a - +1 war axe (vamp)
rCold   . . .      Faith    .   c - +1 buckler
rNeg    + . .      Spirit   .   v - +0 chain mail
rPois   ∞          Reflect  .   (no helmet)
rElec   +          Harm     .   (no cloak)
rCorr   .          Rampage  .   (no gloves)
Will    .....                   l - +2 pair of boots
Stlth   ..........              (no amulet)
HPRegen 0.18/turn               f - +6 ring of dexterity
MPRegen 0.11/turn               j - +4 ring of protection

@: marked
A: sickness immunity, AC +6, negative energy resistance 1, electricity
resistance, torment resistance 1, petrification resistance
a: Renounce Religion, Heroism


You were on level 7 of the Dungeon.
You worshipped Okawaru.
Okawaru was aware of your devotion.
You visited 2 branches of the dungeon, and saw 8 of its levels.
You also visited: Ossuary.

You collected 339 gold pieces.

Inventory:

Hand Weapons
 a - a +1 vampiric war axe (weapon)
 u - a +2 morningstar
 z - a +5 war axe
Missiles
 h - 3 throwing nets (quivered)
Armour
 c - a +1 buckler (worn)
 g - the +6 chain mail of the Blessed Realm {Harm}
   (You found it on level 5 of the Dungeon)

   Harm:      It increases damage dealt and taken.
 l - a +2 pair of boots (worn)
 v - a +0 chain mail (worn)
Jewellery
 f - a +6 ring of dexterity (left hand)
 j - a +4 ring of protection (right hand)
Wands
 b - a wand of iceblast (11)
 m - a wand of polymorph (9)
Scrolls
 q - 2 scrolls of magic mapping
 t - 2 scrolls of teleportation
 y - a scroll of enchant armour
Potions
 d - 6 potions of might
 e - 2 potions of curing
 i - a potion of berserk rage
 k - a potion of flight
 n - a potion of brilliance {unknown}
 o - a potion of invisibility {unknown}
 p - a potion of cancellation {unknown}
 r - a potion of haste {unknown}
 s - a potion of magic {unknown}
 w - a potion of heal wounds {unknown}
 x - a potion of attraction {unknown}


   Skills:
 + Level 5.8 Fighting
 + Level 7.8 Axes
 + Level 6.7 Armour
 * Level 7.4 Shields
 * Level 4.8 Evocations


You had 8 spell levels left.
You didn't know any spells.
Your spell library contained the following spells:

 Spells                   Type           Power      Damage    Failure   Level
 Foxfire                  Conj/Fire      0%         2x1d4     97%         1
 Conjure Flame            Conj/Fire      0%         6-21      100%        3
 Inner Flame              Hex/Fire       0%         N/A       100%        3
 Ozocubu's Armour         Ice            0%         N/A       100%        3
 Flame Wave               Conj/Fire      0%         3d3       100%        4
 Metabolic Englaciation   Hex/Ice        0%         N/A       100%        5
 Simulacrum               Ice/Necr       Unusable   N/A       N/A         6

Dungeon Overview and Level Annotations

Branches:
Dungeon (7/15)             Temple (1/1) D:6         Ossuary (visited)

Altars:
Elyvilon
Hepliaklqana
Okawaru
Ru

Shops:
D:6 *

Annotations:
D:7 Harold


Innate Abilities, Weirdness & Mutations

You are immune to sickness and miasma.
Your stone body is resilient. (AC +6)
You are immune to poison.
You resist negative energy. (rN+)
You are resistant to electric shocks. (rElec)
You are resistant to unholy torment.
You are immune to petrification.


Message History

Harold is heavily wounded.
Harold hits you with a +2 halberd of protection.
You barely miss Harold.
Harold is heavily wounded.
You block Harold's attack.
You hit Harold.
You feel better.
Harold is heavily wounded.
Harold points at you and mumbles some strange words.
You barely resist. You hit Harold but do no damage.
Harold is heavily wounded.
Harold hits you but does no damage.
You barely miss Harold.
Harold is heavily wounded.
Harold hits you but does no damage. Harold barely misses you.
You hit Harold.
Harold is heavily wounded.
Harold gestures at you while chanting. The mark upon you grows brighter.
You hit Harold but do no damage.
Harold is heavily wounded.
Harold hits you with a +2 halberd of protection.
You barely miss Harold.
Harold is heavily wounded.
Harold hits you with a +2 halberd of protection!
You closely miss Harold.
Harold is heavily wounded.
Harold hits you with a +2 halberd of protection!!
* * * LOW HITPOINT WARNING * * *
You barely miss Harold.
Harold is heavily wounded.
Harold hits you with a +2 halberd of protection.
* * * LOW HITPOINT WARNING * * *
You hit Harold but do no damage.
Harold is heavily wounded.
Harold completely misses you.
You hit Harold.
Harold is heavily wounded.
Harold hits you with a +2 halberd of protection!
You die...

. #......#############
#.....<..........)..
#..$....######......
#.$........###......
..... ###..........
... #....##...... #@#
#....#....... #@#
#....#.......
#######.##
#....#.......
#....##..#
#......######
#....###(###....###
#.#....###.#.......##
#.#....##......#.#..#
#.#....#....##.#.##.#
#.#.......#.#..#.##.##
#....##.#.#.#.#..##..#


You could see Harold.

Vanquished Creatures
  Sigmund (D:6)
  A water moccasin (D:6)
  Duvessa (D:6)
  A hornet zombie (D:7)
  2 orc warriors (D:6)
  A black bear (D:5)
  An ice beast (D:6)
  2 necrophages
  2 centaurs
  2 bullfrogs
  2 scorpions (D:6)
  A water moccasin zombie (D:5)
  A gnoll sergeant (D:6)
  Dowan (D:6)
  15 wights
  A centaur zombie (D:5)
  A bullfrog zombie (D:5)
  2 jellies (D:5)
  3 hounds
  A centaur skeleton (D:7)
  4 orc priests
  3 iguanas
  2 orc wizards
  A killer bee zombie (D:7)
  A hound zombie (D:5)
  A mummy (Ossuary)
  2 howler monkey zombies (D:5)
  17 gnolls
  7 adders
  A white imp (D:6)
  An ufetubus (D:6)
  An adder skeleton (D:4)
  A worm (D:2)
  2 dart slugs (D:4)
  20 orcs
  5 spectral bats (Ossuary)
  5 ball pythons
  5 endoplasms
  2 giant cockroaches
  12 gnoll zombies (Ossuary)
  7 goblins
  4 hobgoblins
  7 jackals
  8 kobolds
  4 quokkas
  5 bats (D:2)
  A bat simulacrum (Ossuary)
  3 frilled lizards
  A goblin simulacrum (Ossuary)
  5 goblin zombies (Ossuary)
  2 hobgoblin zombies (Ossuary)
  6 kobold simulacra (Ossuary)
  6 kobold zombies (Ossuary)
  5 orc zombies (Ossuary)
  6 rats
  A rat simulacrum (Ossuary)
  A spectral goblin (Ossuary)
  2 spectral kobolds (Ossuary)
  A spectral rat (Ossuary)
210 creatures vanquished.

Notes
Turn   | Place    | Note
-------+----------+-------------------------------------------
     0 | D:1      | bande the Gargoyle Fighter began the quest for the Orb.
     0 | D:1      | Reached XP level 1. HP: 14/14 MP: 1/1
   149 | D:1      | Reached XP level 2. HP: 19/19 MP: 2/2
   641 | D:1      | Reached XP level 3. HP: 11/23 MP: 3/3
  2132 | D:3      | Reached XP level 4. HP: 29/29 MP: 4/4
  2195 | D:3      | Found a faded altar of an unknown god.
  2507 | D:4      | Noticed a necrophage
  2533 | D:4      | Killed a necrophage
  2534 | D:4      | Reached skill level 1 in Evocations
  2534 | D:4      | Reached XP level 5. HP: 26/33 MP: 5/5
  2543 | D:4      | Found a sand-covered staircase.
  2552 | Ossuary  | Entered an ossuary
  3381 | Ossuary  | Reached XP level 6. HP: 38/38 MP: 6/6
  3715 | D:4      | Identified the +4 leather armour "Siucyfe" {rN+ MP+9}
  4619 | D:5      | Entered Level 5 of the Dungeon
  5213 | D:4      | Reached XP level 7. HP: 43/43 MP: 7/7
  5940 | D:5      | Reached skill level 5 in Shields
  6082 | D:5      | Reached skill level 5 in Armour
  6191 | D:5      | Reached skill level 5 in Axes
  6206 | D:5      | Identified the +6 chain mail of the Blessed Realm {Harm}
  6232 | D:5      | Reached XP level 8. HP: 31/48 MP: 8/8
  7077 | D:6      | Found Anaekuaz's General Store.
  7122 | D:6      | Noticed Duvessa
  7122 | D:6      | Noticed Dowan
  7136 | D:6      | Killed Duvessa
  7147 | D:6      | Killed Dowan
  7177 | D:6      | Reached skill level 5 in Fighting
  7240 | D:6      | Noticed Sigmund
  7248 | D:6      | Killed Sigmund
  7249 | D:6      | Reached XP level 9. HP: 54/54 MP: 9/9
  8088 | D:6      | Found a staircase to the Ecumenical Temple.
  8114 | Temple   | Entered the Ecumenical Temple
  8166 | Temple   | Became a worshipper of Warmaster Okawaru
  9200 | D:7      | Reached * piety under Okawaru
  9582 | D:7      | Noticed Harold
  9614 | D:7      | Mangled by Harold

Illustrated notes

Levels and vault maps discovered:
D:1:      sevenhm_arrival_forest_fort_large_4, layout_loops_cross
D:2:      layout_loops_ring, serial_rivers, chequers_serial_rivers_small_a,
          chequers_serial_rivers_micro_e, chequers_serial_rivers_small_b,
          chequers_serial_rivers_small_a, chequers_serial_rivers_small_b
D:3:      layout_basic, basic_ecumenical_altar
D:4:      layout_basic, nicolae_ossuary_entry_plus, st_stairs_8
D:5:      layout_gridville, hex_medium, hangedman_decor_riveting,
          chequers_jeans, minmay_puff
D:6:      kb_forest_paths, layout_basic, minmay_temple_entry_ruins,
          serial_shops, shop, uniq_duvessa, uniq_sigmund
D:7:      layout_rooms, uniq_harold
Temple:   hc_temple_tempest_star

Skill      XL: |  1  2  3  4  5  6  7  8  9 |
---------------+----------------------------+-----
Axes           | 2 3 4 5 6 7 |  7.8
Armour         | 4 5 6 |  6.7
Shields        | 4 5 6 7 |  7.4
Evocations     | 1 2 3 4 |  4.8
Fighting       | 4 5 |  5.8

Action                   |  1- 3 |  4- 6 |  7- 9 || total
-------------------------+-------+-------+-------++-------
Melee: War axe           |   112 |   269 |   377 ||   758
  Use: Scroll            |       |    12 |     4 ||    16
Armor: Scale mail        |    77 |   124 |       ||   201
       Chain mail        |       |    40 |   224 ||   264
Dodge: Dodged            |    49 |   106 |   132 ||   287
Block: Buckler           |    39 |    74 |   145 ||   258

Table legend: (Time is in decaauts)
 A = Elapsed time spent in this place.
 B = Non-inter-level travel time spent in this place.
 C = Inter-level travel time spent in this place.
 D = Time resting spent in this place.
 E = Time spent auto-exploring this place.
 F = Levels seen in this place.
 G = Mean time per level.
                   A        B        C        D        E       F      G
               +--------+--------+--------+--------+--------+-----+--------+
         Total |   9824 |   9603 |    221 |   3385 |   4240 |   9 | 1091.6 |
       Dungeon |   8820 |   8636 |    184 |   2979 |   3965 |   7 | 1260.0 |
        Temple |     67 |     30 |     37 |      0 |     22 |   1 |   67.0 |
       Ossuary |    935 |    935 |      0 |    406 |    253 |   1 |  935.0 |
               +--------+--------+--------+--------+--------+-----+--------+

Top non-repeatable levels by time:
     D:4: 2080 daAuts
     D:6: 1404 daAuts
     D:1: 1252 daAuts
     D:7: 1156 daAuts
     D:5: 1137 daAuts
     D:3: 1072 daAuts
 Ossuary: 935 daAuts
     D:2: 718 daAuts
  Temple: 67 daAuts
